 Dungeon Sprint DCSS version 0.30-a0-989-g0d87f670db (webtiles) character file.

Game seed: 4374414767302194981

219 holysushi the Cleaver (level 5, -26/57 HPs)
             Began as a Hill Orc Fighter on Apr 3, 2023.
             Annihilated by an ogre
             ... wielding a +0 giant spiked club
              (30 damage)
             ... in the Dungeon (Sprint IX: "|||||||||||||||||||||||||||||").
             The game lasted 00:00:43 (45 turns).

holysushi the Cleaver (Hill Orc Fighter)              Turns: 45, Time: 00:00:44

Health: -26/57     AC:  6    Str: 19    XL:     5   Next: 96%
Magic:  5/5        EV:  9    Int:  8    God:
Gold:   0          SH:  5    Dex: 12    Spells: 4/4 levels left

rFire   . . .      SeeInvis .    a - +0 war axe
rCold   . . .      Faith    .    c - +0 buckler
rNeg    . . .      Spirit   .    b - +0 scale mail
rPois   .          Reflect  .    (no helmet)
rElec   .          Rampage  .    (no cloak)
rCorr   .          NoTele   +    (no gloves)
Will    .....                    (no boots) Stlth
                                 (no amulet)
HPRegen 0.29/turn                (no ring)
MPRegen 0.09/turn                (no ring)

@: mighty, hasted, very quick
A: no striking features
a: no special abilities


You were in the Dungeon.
You visited 1 branch

Inventory:

Hand Weapons
 a - a +0 war axe (weapon)
Armour
 b - a +0 scale mail (worn)
 c - a +0 buckler (worn)
Scrolls
 j - a scroll of blinking
Potions
 f - a potion of heal wounds
 h - 2 potions of magic
 i - a potion of berserk rage


   Skills:
 + Level 9.1 Fighting
 + Level 11.7 Axes
 - Level 3.2 Armour
 - Level 5.0 Shields


You had 4 spell levels left.
You didn't know any spells.
Your spell library was empty.

Dungeon Overview and Level Annotations

Branches:
Dungeon (1/1) Zot: 27000

Altars:


Message History

The scorpion poisons you!
You barely miss the scorpion.
The scorpion is almost dead.
You feel very sick. The scorpion stings you.
* * * LOW HITPOINT WARNING * * *
You are lethally poisoned!
The scorpion poisons you!
The scorpion stings you but does no damage.
You feel better. The scorpion barely misses you.
You slash the scorpion!
You kill the scorpion!
Your Fighting skill increases to level 7!
Your Axes skill increases to level 10!
Your Shields skill increases to level 4!
You have reached level 5!
You feel stronger.
You barely miss the phantom.
The howler monkey hoots and howls with incredible vigour!
The phantom hits you but does no damage.
You barely miss the phantom. The phantom hits you.
You slash the phantom!
The phantom is heavily damaged.
The phantom hits you but does no damage.
You slice the phantom!!
You destroy the phantom!
The ogre hits you with a +0 giant spiked club!!
* * * LOW HITPOINT WARNING * * *
Training target 5.0 for Shields reached!
Your Fighting skill gained 2 levels and is now at level 9!
Your Axes skill increases to level 11!
Your Shields skill increases to level 5!
You hit the ogre.
The ogre is lightly wounded.
You aren't carrying any items that you can evoke.
You feel yourself speed up.
The howler monkey hoots and howls with incredible vigour!
The ogre hits you with a +0 giant spiked club!!
Ouch! That really hurt!
You die...

▓.▓
▓.▓
▓.▓
▓†▓
▓.▓
▓.▓
▓.▓
▓.▓
▓@▓
▓O▓
▓h▓
▓.▓
▓.▓
▓.▓
▓.▓
▓+▓


You could see an ogre and a howler monkey (catching breath).

Vanquished Creatures
  2 phantoms (D)
  A scorpion (D)
  2 dart slugs (D)
  A bat (D)
  An endoplasm (D)
  A giant cockroach (D)
8 creatures vanquished.

Notes
Turn   | Place    | Note
-------+----------+-------------------------------------------
     0 | D        | holysushi the Hill Orc Fighter began the quest for the Orb.
     0 | D        | Reached XP level 1. HP: 19/19 MP: 1/1
     7 | D        | Reached skill level 4 in Axes
     9 | D        | Reached skill level 5 in Axes
    15 | D        | Reached XP level 2. HP: 25/26 MP: 2/2
    16 | D        | Reached skill level 6 in Axes
    22 | D        | Noticed a phantom
    22 | D        | Noticed a scorpion
    22 | D        | Noticed a phantom
    22 | D        | Noticed an ogre
    22 | D        | Noticed a howler monkey
    34 | D        | Killed a phantom
    35 | D        | Reached skill level 9 in Axes
    35 | D        | Reached XP level 3. HP: 17/37 MP: 3/3
    35 | D        | Reached XP level 4. HP: 21/44 MP: 4/4
    39 | D        | Killed a scorpion
    40 | D        | Reached skill level 10 in Axes
    40 | D        | Reached XP level 5. HP: 27/52 MP: 5/5
    43 | D        | Killed a phantom
    44 | D        | Reached skill level 11 in Axes
    44 | D        | Reached skill level 5 in Shields
    45 | D        | Annihilated by an ogre

Illustrated notes

Levels and vault maps discovered:
D:        linesprint [early_d, line_temple, items_1, d_10, items_2, lair_1,
          lair_end, items_3, orc_1, orc_end, items_4, d_15, swamp_1, shoals_1,
          snake_1, spider_1, d_20, vaults_1, items_5, swamp_end, shoals_end,
          snake_end, spider_end, vaults_end, d_27, items_6, zot_1, zot_end,
          crypt_end, forest_end, elf_end, slime_end, tomb_end, abyss_end,
          pan_hell_end]

Skill      XL: |  1  2  3  4  5 |
---------------+----------------+-----
Axes           | 5 9 10 11 | 11.7
Fighting       | 6 7 9 |  9.1
Shields        | 4 5 |  5.0
Armour         | |  3.2

Action                     |  1- 3 |  4- 6 || total
---------------------------+-------+-------++-------
  Melee: War axe           |    23 |     9 ||    32
    Use: Potion            |     1 |     2 ||     3
 Armour: Scale mail        |     7 |     3 ||    10
  Dodge: Dodged            |    11 |     1 ||    12
  Block: Buckler           |     2 |       ||     2

Table legend: (Time is in decaauts)
 A = Elapsed time spent in this place.
 B = Non-inter-level travel time spent in this place.
 C = Inter-level travel time spent in this place.
 D = Time resting spent in this place.
 E = Time spent auto-exploring this place.
 F = Levels seen in this place.
 G = Mean time per level.
                   A        B        C        D        E       F      G
               +--------+--------+--------+--------+--------+-----+--------+
         Total |     52 |     52 |      0 |      0 |      0 |   1 |   52.0 |
       Dungeon |     52 |     52 |      0 |      0 |      0 |   1 |   52.0 |
               +--------+--------+--------+--------+--------+-----+--------+

Top non-repeatable levels by time:
       D: 52 daAuts
